 Dungeon Crawl Stone Soup version 0.16-a0-3641-g71d4c1b (webtiles) character file.

76 mattchew the Conjurer (level 4, -5/27 HPs)
             Began as an Octopode Conjurer on Apr 17, 2015.
             Slain by Terence
             ... wielding a +0 flail
              (11 damage)
             ... on level 3 of the Dungeon.
             The game lasted 00:07:04 (2000 turns).

mattchew the Conjurer (Octopode Conjurer)           Turns: 2000, Time: 00:07:04

Health: -5/27      AC:  1    Str:  7    XL:     4   Next: 32%
Magic:  0/7        EV: 12    Int: 17    God:
Gold:   97         SH:  0    Dex: 13    Spells: 3 memorised, 1 level left

rFire  . . .     SeeInvis .     u - +0 whip
rCold  . . .     Clarity  .     (no shield)
rNeg   . . .     SustAb   .     (helmet restricted)
rPois  .         Gourm    .     (no amulet)
rElec  .         Spirit   .     (no ring)
rCorr  .         Warding  .     (no ring)
rMut   .         Stasis   .     (no ring)
MR     .....                    (no ring)
Stlth  +++.......               (no ring)
                                (no ring)
                                (no ring)
                                (no ring)

@: not resistant to hostile enchantments, fairly stealthy
A: almost no armour, amphibious, 8 rings, constrict 8, camouflage 1, gelatinous
body 1
a: no special abilities


You were on level 3 of the Dungeon.
You were hungry.

You visited 1 branch of the dungeon, and saw 3 of its levels.

You collected 97 gold pieces.

Inventory:

Hand weapons
 a - a +0 dagger
 b - a +0 hunting sling
 u - a +0 whip (weapon)
Missiles
 m - 78 stones (quivered)
 o - 31 sling bullets
 t - 4 arrows of frost
 v - 18 arrows
Scrolls
 e - a scroll of blinking {unknown}
 i - a scroll of enchant weapon {unknown}
 k - 2 scrolls of remove curse {unknown}
 l - a scroll of enchant armour {unknown}
Potions
 f - a potion of poison {unknown}
 h - a potion of might {unknown}
 j - a potion of brilliance {unknown}
 p - a potion of cure mutation {unknown}
 s - a potion of lignification {unknown}
Books
 c - a book of Conjurations

   Spells                             Type                      Level
   a - Magic Dart                     Conjuration                  1
   b - Searing Ray                    Conjuration                  2
   c - Dazzling Spray                 Conjuration/Hexes            3
   d - Fulminant Prism                Conjuration/Hexes            4
   e - Iskenderun's Mystic Blast      Conjuration                  4
   f - Iskenderun's Battlesphere      Conjuration/Charms           5
Comestibles
 d - a beef jerky
 g - 2 meat rations
 n - a slice of pizza
 r - a bread ration


   Skills:
 - Level 2.0 Dodging
 - Level 2.6 Stealth
 + Level 2.0 Spellcasting
 + Level 5.7 Conjurations


You had one spell level left.
You knew the following spells:

 Your Spells              Type           Power        Failure   Level  Hunger
a - Magic Dart            Conj           ###.         1%          1    #......
b - Searing Ray           Conj           ###...       2%          2    ###....
c - Dazzling Spray        Conj/Hex       ##......     21%         3    ###....


Dungeon Overview and Level Annotations

Branches:
Dungeon (3/15)

Altars:
Kikubaaqudgha

Annotations:
D:3 Terence


Innate Abilities, Weirdness & Mutations

You cannot wear most types of armour.
You are amphibious.
You can wear up to eight rings at the same time.
You can use your tentacles to constrict many enemies at once.
Your skin changes colour to match your surroundings (Stealth).
Your rubbery body absorbs attacks (AC +1).


Message History

You constrict Terence, but do no damage.
Terence barely misses you.
Casting: Magic Dart
Confirm with . or Enter, or press ? or * to list all spells.
Aiming: Magic Dart
Press: ? - help, Shift-Dir - straight line, f/p - Terence
Aim: Terence, wielding a flail and wearing a chain mail (severely wounded, constricted by you)
The magic dart hits Terence.
Terence is almost dead.
You constrict Terence, but do no damage.
Casting: Magic Dart
Confirm with . or Enter, or press ? or * to list all spells.
Aiming: Magic Dart
Press: ? - help, Shift-Dir - straight line, f/p - Terence
Aim: Terence, wielding a flail and wearing a chain mail (almost dead, constricted by you)
The magic dart hits Terence.
Terence is almost dead.
You constrict Terence, but do no damage.
Terence hits you with a flail!
You die...

#....# ### #....#
#### #.. #....# #...
#$# #....# #.## #.#
#....# #.# #.# #....#
#.## #†######....#
#.#. #@##........#
#.#.
#@##........###.#.
#.##..............
#.##........###...
####.##........# ####
#....##........#
#.#######'##.#.######
#.# #.##.#....... #.#
#.##.#######[
#.#######.##.#######.


You could see Terence.

Vanquished Creatures
  A worker ant (D:3)
  An adder (D:2)
  A giant gecko (D:2)
  4 bats
  3 goblins
  10 hobgoblins
  2 quokkas
  2 ball pythons
  A giant cockroach (D:2)
  5 giant newts
  6 kobolds
  9 rats
45 creatures vanquished.

Notes
Turn   | Place    | Note
--------------------------------------------------------------
     0 | D:1      | mattchew, the Octopode Conjurer, began the quest for the Orb.
     0 | D:1      | Reached XP level 1. HP: 11/11 MP: 3/3
   306 | D:1      | Reached XP level 2. HP: 9/17 MP: 4/4
   318 | D:1      | Learned a level 2 spell: Searing Ray
  1069 | D:2      | Reached XP level 3. HP: 19/21 MP: 6/6
  1164 | D:2      | Reached skill level 5 in Conjurations
  1732 | D:2      | Found an ancient bone altar of Kikubaaqudgha.
  1866 | D:3      | Reached XP level 4. HP: 27/27 MP: 2/7
  1871 | D:3      | Learned a level 3 spell: Dazzling Spray
  1985 | D:3      | Noticed Terence
  2000 | D:3      | Slain by Terence

Action                   |  1- 3 |  4- 6 || total
-------------------------+-------+-------++-------
Melee: Unarmed           |    34 |       ||    34
       Dagger            |    45 |       ||    45
       Whip              |     5 |     6 ||    11
 Fire: Hunting sling     |     4 |       ||     4
 Cast: Magic Dart        |    18 |     3 ||    21
       Searing Ray       |       |     1 ||     1
 Stab: Sleeping          |     9 |       ||     9
       Distracted        |     1 |       ||     1
  Eat: Chunk             |     3 |       ||     3
